 Dungeon Crawl Stone Soup version 0.30.0-29-ga12c61a403 (webtiles) character file.

Game seed: 2191400180299411277

603 monsoonserge the Shooter (level 7, -1/56 HPs)
             Began as a Formicid Hunter on June 11, 2023.
             Was an Initiate of Hepliaklqana.
             Slain by a black bear (6 damage)
             ... on level 4 of the Dungeon.
             The game lasted 00:17:49 (3823 turns).

monsoonserge the Shooter (Formicid Hunter)          Turns: 3823, Time: 00:17:51

Health: -1/56      AC:  6    Str: 16    XL:     7   Next: 70%
Magic:  0/16       EV: 10    Int:  8    God:    Hepliaklqana [......]
Gold:   210        SH:  0    Dex: 19    Spells: 6/6 levels left

rFire   . . .        b - +5 short sword
rCold   + . .        (no shield)
rNeg    . . .        p - +0 scale mail
rPois   .            (helmet unavailable)
rElec   .            (no cloak)
rCorr   .            (no gloves)
SInv    +            (no boots)
Will    .....        e - amulet of guardian spirit
Stlth   +            v - ring of protection from cold
HPRegen 0.29/turn    A - ring of magical power
MPRegen 0.15/turn

%: guardian spirit
@: no status effects
A: permanent stasis, dig shafts and tunnels, antennae 3, four strong arms
a: Dig, Shaft Self, Renounce Religion


You were on level 4 of the Dungeon.
You worshipped Hepliaklqana.
Hepliaklqana was noncommittal.
You visited 2 branches of the dungeon, and saw 8 of its levels.

You collected 210 gold pieces.

Inventory:

Hand Weapons
 a - a +0 shortbow
 b - a +5 short sword (weapon)
Missiles
 j - 4 poisoned darts
 r - 3 boomerangs (quivered)
 t - 2 throwing nets
Armour
 d - a +0 chain mail
 h - a +0 ring mail
 p - a +0 scale mail (worn)
Jewellery
 e - an amulet of guardian spirit (around neck)
 v - a ring of protection from cold (left hand)
 A - a ring of magical power (right hand)
Wands
 B - a wand of polymorph (5)
Scrolls
 c - 2 scrolls of identify {unknown}
 g - 2 scrolls of poison {unknown}
 i - 2 scrolls of blinking {unknown}
 k - a scroll of noise {unknown}
 l - a scroll of enchant armour {unknown}
 m - a scroll of amnesia {unknown}
 s - a scroll of immolation
 x - a scroll of enchant weapon {unknown}
 y - a scroll of fog {unknown}
Potions
 f - a potion of degeneration {unknown}
 n - a potion of magic {unknown}
 o - a potion of might {unknown}
 q - a potion of mutation {unknown}
 u - a potion of cancellation {unknown}
 w - a potion of flight {unknown}
 z - 2 potions of brilliance {unknown}


   Skills:
 + Level 5.0 Fighting
 + Level 2.4 Short Blades
 + Level 6.0 Ranged Weapons
 + Level 0.4 Throwing
 + Level 3.4 Armour
 + Level 2.0 Dodging
 - Level 2.0 Stealth


You had 6 spell levels left.
You didn't know any spells.
Your spell library contained the following spells:

 Spells                   Type           Power      Damage    Failure   Level
 Shock                    Conj/Air       0%         1d3       83%         1
 Lesser Beckoning         Tloc           0%         N/A       92%         2
 Momentum Strike          Conj/Tloc      0%         3d8       92%         2
 Airstrike                Air            0%         2d(0-16)  100%        4
 Blink                    Tloc           Unusable   N/A       N/A         2
 Swiftness                Air            Unusable   N/A       N/A         3

Dungeon Overview and Level Annotations

Branches:
Dungeon (7/15)             Temple (1/1) D:6

Altars:
Ashenzari
Cheibriados
Dithmenos
Elyvilon
Fedhas
Gozag
Hepliaklqana
Kikubaaqudgha
Makhleb
Nemelex Xobeh
Okawaru
Qazlal
Trog
Uskayaw
Vehumet
Xom
Zin
The Shining One

Shops:
D:2 ((:=

Annotations:
D:4 Sigmund


Innate Abilities, Weirdness & Mutations

You cannot be hasted, slowed, berserked, paralysed or teleported.
You can dig through walls and to a lower floor.
You have a pair of large antennae on your head. (SInv)
Your four strong arms can wield two-handed weapons with a shield.


Message History

The black bear claws you.
The black bear claws you but does no damage.
You shoot an arrow. The arrow barely misses the black bear.
The black bear bites you but does no damage.
The black bear completely misses you.
The black bear claws you but does no damage.
The black bear bites you! The black bear claws you. x2
The black bear barely misses you.
The black bear claws you but does no damage.
The black bear barely misses you.
You shoot an arrow. The arrow barely misses the black bear.
The black bear bites you! The black bear claws you. x2
The black bear completely misses you. The black bear closely misses you. x2
You are too injured to fight recklessly!
b - a +5 short sword (weapon)
You barely miss the black bear.
The black bear is almost dead.
The black bear bites you but does no damage.
The black bear claws you.
The black bear claws you but does no damage.
The black bear bites you. The black bear claws you.
The black bear completely misses you.
You hit the black bear.
The black bear is almost dead.
The black bear bites you!
* * * LOW HITPOINT WARNING * * *
The black bear claws you but does no damage. x2
Unknown command.
You barely miss the black bear.
The black bear is almost dead.
The black bear barely misses you. The black bear claws you.
* * * LOW HITPOINT WARNING * * *
The black bear closely misses you.
You hit the black bear.
You punch the black bear, but do no damage.
The black bear is almost dead.
The black bear closely misses you.
The black bear claws you but does no damage.
The black bear claws you.
You die...

# ##########.# #
###§...§..##.###
###...§≈≈≈≈......#
##..≈§§≈≈≈≈≈§..#.#
#..#≈≈§≈§≈≈≈≈#...#
...####§≈≈≈§##...#
..#.#.#§§≈≈##.#..#
.≈##..#§§≈##.##§.#
.≈#...#≈≈≈#.##§§@#
.§###.#####.##≈§h#
.≈≈#.........#≈§§#
.§≈#####.#####≈≈.#
§.§§§≈≈#.#≈≈≈≈≈..#
#.§§≈≈≈#.#≈§≈≈≈.##
...≈§§§#.#≈≈§≈..#
....§≈§#.#≈≈§..##
......≈#)#≈......


You could see a black bear (berserk).

Vanquished Creatures
  A sky beast (D:7)
  A bullfrog (D:7)
  A scorpion (D:7)
  2 jellies (D:3)
  2 hounds
  A sleepcap (D:4)
  2 orc wizards (D:4)
  3 gnolls (D:4)
  5 adders
  4 worms
  3 dart slugs
  8 orcs (D:4)
  17 endoplasms
  5 giant cockroaches
  7 goblins
  4 hobgoblins
  3 jackals (D:2)
  4 quokkas
  7 ball pythons
  8 bats
  4 frilled lizards
  12 kobolds
  5 rats
109 creatures vanquished.

Vanquished Creatures (others)
  A draconian (D:1)
  3 octopodes (D:1)
  A gargoyle (D:1)
  A vine stalker (D:1)
  A troll (D:1)
  A spriggan (D:1)
  2 tengu (D:1)
  An ogre (D:1)
  A mummy (D:1)
  2 gnolls (D:1)
  A kobold (D:1)
  5 tentacles (D:1)
20 creatures vanquished.

Grand Total: 129 creatures vanquished

Notes
Turn   | Place    | Note
-------+----------+-------------------------------------------
     0 | D:1      | monsoonserge the Formicid Hunter began the quest for the
                  | Orb.
     0 | D:1      | Reached XP level 1. HP: 16/16 MP: 1/1
     2 | D:1      | Noticed a gargoyle
     2 | D:1      | Noticed a vine stalker
     2 | D:1      | Noticed an octopode
     2 | D:1      | Noticed an ogre
     2 | D:1      | Noticed an octopode
     2 | D:1      | Noticed an octopode
     2 | D:1      | Noticed a tengu
     2 | D:1      | Noticed a kraken
     2 | D:1      | Noticed a spriggan
     2 | D:1      | Noticed a troll
     2 | D:1      | Noticed a tengu
     2 | D:1      | Noticed a draconian
     2 | D:1      | Killed a tengu
     5 | D:1      | Killed a draconian
     6 | D:1      | Killed an octopode
     7 | D:1      | Killed an octopode
     7 | D:1      | Killed a troll
     8 | D:1      | Killed a gargoyle
     9 | D:1      | Killed a tengu
     9 | D:1      | Killed an octopode
     9 | D:1      | Killed a vine stalker
    10 | D:1      | Killed an ogre
    12 | D:1      | Killed a spriggan
   118 | D:1      | Reached XP level 2. HP: 23/23 MP: 2/2
   469 | D:1      | Reached XP level 3. HP: 28/28 MP: 3/3
   651 | D:2      | Found Saal's Antique Weapon Boutique.
   769 | D:2      | Reached skill level 1 in Armour
   772 | D:2      | Reached XP level 4. HP: 5/34 MP: 1/4
   970 | D:2      | Found Aroesulo's Book Boutique.
   970 | D:2      | Noticed a walking crystal tome
   974 | D:2      | Noticed a walking earthen tome
  1119 | D:2      | Found a white marble altar of Elyvilon.
  1142 | D:2      | Became a worshipper of Elyvilon the Healer
  1179 | D:2      | Reached skill level 5 in Ranged Weapons
  1188 | D:2      | Found Yjoal's Antique Weapon Emporium.
  1347 | D:2      | Found Adopso Senk's Jewellery Shop.
  1653 | D:3      | Reached * piety under Elyvilon
  1827 | D:3      | Reached XP level 5. HP: 40/40 MP: 5/5
  1978 | D:3      | Found a white marble altar of Elyvilon.
  2297 | D:3      | Reached XP level 6. HP: 42/47 MP: 6/6
  2609 | D:4      | Reached ** piety under Elyvilon
  2822 | D:4      | Reached skill level 1 in Short Blades
  2901 | D:4      | Noticed an ice beast
  2908 | D:4      | You fall into a shaft and drop 3 floors!
  3051 | D:7      | Reached XP level 7. HP: 43/53 MP: 5/7
  3093 | D:7      | Reached skill level 6 in Ranged Weapons
  3166 | D:6      | Found a staircase to the Ecumenical Temple.
  3170 | Temple   | Entered the Ecumenical Temple
  3170 | Temple   | Found a transporter.
  3170 | Temple   | Found a transporter.
  3172 | Temple   | Found a transporter.
  3172 | Temple   | Found a transporter.
  3215 | Temple   | Fell from the grace of Elyvilon
  3215 | Temple   | Became a worshipper of Hepliaklqana the Forgotten
  3257 | D:5      | Entered Level 5 of the Dungeon
  3338 | D:4      | Noticed Sigmund
  3648 | D:4      | Reached skill level 5 in Fighting
  3823 | D:4      | Slain by a black bear

Illustrated notes

Levels and vault maps discovered:
D:1:      nicolae_arrival_kraken_aquarium_b, layout_loops_ring,
          serial_bayou_pond_a
D:2:      layout_basic, serial_shops, nicolae_shop_tiny_real_fake_doors, shop,
          nicolae_shop_mannequins, nicolae_square_shop, basic_altar,
          chequers_serial_rivers_room_a, hex_tiny, minmay_pentomino_t4
D:3:      cheibrodos_fertilizer, layout_basic,
          mainiacjoe_overflow_surrounded_room
D:4:      layout_basic, grunt_decor_junction, kennysheep_small_spiral,
          minmay_bisected, uniq_pikel, uniq_sigmund
D:5:      layout_gridville, mainiacjoe_overflow_alcove_1,
          hangedman_decor_diamond_cutter, uniq_menkaure, uniq_ijyb,
          uniq_prince_ribbit1
D:6:      layout_loops_corners, temple_hall_moat, serial_shops,
          nicolae_shop_hallway_stairs
D:7:      layout_loops_ring, uniq_crazy_yiuf_cottage
Temple:   hellmonk_temple_divided_pantheon

Skill      XL: |  1  2  3  4  5  6  7 |
---------------+----------------------+-----
Armour         | 1 2 3 |  3.4
Stealth        | 2 |  2.0
Ranged Weapons | 5 6 |  6.0
Fighting       | 3 5 |  5.0
Short Blades   | 2 |  2.4
Dodging        | 2 |  2.0
Throwing       | |  0.4

Action                     |  1- 3 |  4- 6 |  7- 9 || total
---------------------------+-------+-------+-------++-------
  Melee: Short sword       |       |    57 |    19 ||    76
         Punch             |       |       |     1 ||     1
   Fire: Shortbow          |    77 |   165 |    48 ||   290
  Throw: Boomerang         |       |     1 |     1 ||     2
Ability: Shaft Self        |       |     1 |       ||     1
 Armour: Ring mail         |    15 |    15 |       ||    30
         Scale mail        |       |    57 |    30 ||    87
  Dodge: Dodged            |    21 |    68 |    37 ||   126
